 Dungeon Crawl Stone Soup version 0.27-a0-1324-ge0d8e047f6 (webtiles) character file.

Game seed: 2639693032595282672

798 HAL9000 the Covert (level 7, -1/34 HPs)
             Began as a Vine Stalker Brigand on June 23, 2021.
             Slain by an ice beast (10 damage)
             ... on level 5 of the Dungeon.
             The game lasted 00:07:32 (3197 turns).

HAL9000 the Covert (Vine Stalker Brigand)           Turns: 3197, Time: 00:07:33

Health: -1/34      AC:  3    Str: 15    XL:     7   Next: 89%
Magic:  0/8        EV: 11    Int: 11    God:
Gold:   97         SH:  0    Dex: 16    Spells: 3/6 levels left

rFire    . . .     SeeInvis .   a - +2 dagger
rCold    . . .     Faith    .   (no shield)
rNeg     . . .     Spirit   +   b - +0 robe
rPois    +         Reflect  .   (no helmet)
rElec    .         Harm     .   c - +0 cloak
rCorr    .         Rampage  .   (no gloves)
Will     .....                  (no boots)
Stlth    ++++......             (no amulet)
HPRegen  1.11/turn              h - ring of poison resistance
MPRegen  0.11/turn              (no ring)

@: studying Armour
A: fangs 2, regeneration 1, magic shield, antimagic bite, no potion heal 2
a: no special abilities


You were on level 5 of the Dungeon.
You visited 1 branch of the dungeon, and saw 5 of its levels.

You collected 97 gold pieces.

Inventory:

Hand Weapons
 a - a +2 dagger (weapon)
Missiles
 d - 39 poisoned darts (quivered)
 i - a curare-tipped dart
Armour
 b - a +0 robe (worn)
 c - a +0 cloak (worn)
 g - a +0 buckler
Jewellery
 h - a ring of poison resistance (left hand)
Wands
 e - a wand of polymorph (7)
 r - a wand of mindburst (6)
Scrolls
 f - 2 scrolls of teleportation
 j - a scroll of fear {unknown}
 k - 3 scrolls of enchant weapon {unknown}
 m - 3 scrolls of amnesia {unknown}
 n - a scroll of acquirement {unknown}
 o - 2 scrolls of identify {unknown}
 q - a scroll of summoning {unknown}
 s - a scroll of fog {unknown}


   Skills:
 - Level 1.7 Fighting
 + Level 5.1 Short Blades
 - Level 1.7 Throwing
 - Level 0.7 Dodging
 - Level 10.0 Stealth


You had 3 spell levels left.
You knew the following spells:

 Your Spells              Type           Power      Damage    Failure   Level
a - Confusing Touch       Hex            0%         N/A       71%         3

Your spell library contained the following spells:

 Spells                   Type           Power      Damage    Failure   Level
 Beastly Appendage        Tmut           0%         N/A       34%         1
 Corona                   Hex            0%         N/A       34%         1
 Ensorcelled Hibernation  Hex/Ice        0%         N/A       47%         2
 Wereblood                Tmut           0%         N/A       47%         2
 Dazzling Flash           Conj/Hex       0%         N/A       71%         3
 Spider Form              Tmut/Pois      0%         N/A       71%         3
 Tukima's Dance           Hex            0%         N/A       71%         3
 Ice Form                 Ice/Tmut       0%         N/A       98%         4


Dungeon Overview and Level Annotations

Branches:
Dungeon (5/15)
 Temple: D:4-7

Altars:
Sif Muna

Shops:
D:1 [   D:4 !

Annotations:
D:3 2 transporters, Zero's ghost, amateur GrCj


Innate Abilities, Weirdness & Mutations

You have extremely sharp teeth.
Your natural rate of healing is unusually fast.
When hurt, damage is shared between your health and your magic reserves.
Your bite disrupts and absorbs the magic of your enemies.
Potions cannot restore your health.


Message History

An ice beast is nearby!
The ice beast closely misses you.
You hit the ice beast.
You bite the ice beast, but do no damage.
The ice beast is lightly wounded.
The ice beast barely misses you.
You hit the ice beast.
The ice beast is moderately wounded.
You barely miss the ice beast. You bite the ice beast. You drain its power.
The ice beast is moderately wounded.
The ice beast barely misses you.
You hit the ice beast.
The ice beast is heavily wounded.
The ice beast hits you but does no damage.
You closely miss the ice beast. Your bite misses the ice beast.
The ice beast is heavily wounded.
The ice beast hits you. The ice beast freezes you!
You barely miss the ice beast. Your bite misses the ice beast.
The ice beast is heavily wounded.
You closely miss the ice beast.
The ice beast is heavily wounded.
The ice beast closely misses you.
You barely miss the ice beast.
The ice beast is heavily wounded.
The ice beast hits you. The ice beast freezes you!
You are too injured to fight recklessly!
You are too injured to fight recklessly!
Unknown command.
You are too injured to fight recklessly!
You throw a poisoned dart. The poisoned dart hits the ice beast.
The ice beast is heavily wounded.
The ice beast hits you. The ice beast freezes you!
* * * LOW HITPOINT WARNING * * *
Things that are here:
a +0 dagger; an orc corpse
There is a stone staircase leading up here.
The ice beast hits you.
* * * LOW HITPOINT WARNING * * *
The ice beast freezes you!
You die...

###############.#
###.......#
##.#####.# #.# #.#
#.# #.# #.# #.#
#.#####.#
#....##.###########
#.@Y.##............
#...).(..........#
#.#####.........<##
#.# ####.........
#.# #..##.##... #.#
#.##...##..
#.#######.#..##.#.#
#........))........
#######.#o##Y.#..


You could see an ice beast.

Vanquished Creatures
  Sigmund (D:2)
  3 centaurs
  A centaur zombie (D:4)
  A hound (D:3)
  2 orc priests (D:4)
  2 jellies
  An iguana (D:2)
  3 orc wizards
  4 adders
  An adder skeleton (D:4)
  A dart slug (D:2)
  6 orcs
  2 bats (D:1)
  6 endoplasms
  6 giant cockroaches
  8 goblins
  4 hobgoblins
  4 jackals (D:3)
  3 quokkas
  6 ball pythons
  5 frilled lizards
  8 kobolds
  7 rats
85 creatures vanquished.

Notes
Turn   | Place    | Note
-------+----------+-------------------------------------------
     0 | D:1      | HAL9000 the Vine Stalker Brigand began the quest for the
                  | Orb.
     0 | D:1      | Reached XP level 1. HP: 11/11 MP: 2/2
    44 | D:1      | Reached skill level 5 in Stealth
   115 | D:1      | Found Wecoip's Armour Emporium.
   121 | D:1      | Reached XP level 2. HP: 15/15 MP: 3/3
   214 | D:1      | Found a faded altar of an unknown god.
   526 | D:1      | Reached skill level 6 in Stealth
   832 | D:2      | Reached XP level 3. HP: 18/18 MP: 4/4
   882 | D:2      | Noticed Sigmund
   905 | D:2      | Killed Sigmund
   906 | D:2      | Reached skill level 8 in Stealth
   906 | D:2      | Gained mutation: Your natural rate of healing is unusually
                  | fast. [Vine Stalker growth]
   906 | D:2      | Reached XP level 4. HP: 9/23 MP: 2/5
   906 | D:2      | Reached XP level 5. HP: 11/26 MP: 2/6
   954 | D:2      | Found a shimmering blue altar of Sif Muna.
  1173 | D:2      | Reached skill level 9 in Stealth
  1173 | D:2      | Reached XP level 6. HP: 10/30 MP: 4/7
  1653 | D:3      | Learned a level 3 spell: Confusing Touch
  1660 | D:3      | Reached skill level 10 in Stealth
  1733 | D:3      | Noticed Zero's ghost (amateur GrCj)
  1770 | D:3      | Found a transporter.
  1944 | D:3      | Found a transporter.
  1986 | D:3      | Reached XP level 7. HP: 29/34 MP: 8/8
  2540 | D:4      | Found Hamac's Distillery.
  2952 | D:5      | Entered Level 5 of the Dungeon
  3061 | D:5      | Reached skill level 5 in Short Blades
  3197 | D:5      | Slain by an ice beast

Illustrated notes

Levels and vault maps discovered:
D:1:      minmay_arrival_semitransparent, layout_loops_ring, serial_shops, shop,
          basic_ecumenical_altar, minmay_strange_pillars
D:2:      layout_rooms, basic_altar, minivault_27,
          chequers_serial_rivers_micro_a, uniq_sigmund
D:3:      layout_loops_ring, gammafunk_ghost_stat_death
D:4:      layout_cave_pods, serial_shops, nicolae_stop_n_shop_2
D:5:      layout_rooms, serial_co_window_serial, co_window_of_opportunity_a,
          co_window_corner_a, co_window_corner_a, co_window_paths_b,
          co_window_paths_a, co_window_unsneaky_path_c, co_window_cross_4,
          co_window_2corner, co_window_broadway_c, co_window_2corner,
          co_window_corner_ca, co_window_4corner_b, glass_columns_a,
          glass_columns_b, glass_columns_a, glass_columns_a, glass_columns_a,
          minmay_manual_mares

Skill      XL: |  1  2  3  4  5  6  7 |
---------------+----------------------+-----
Stealth        | 5 6 8 9 10 | 10.0
Short Blades   | 2 5 |  5.1
Fighting       | |  1.7
Throwing       | |  1.7
Dodging        | |  0.7

Action                   |  1- 3 |  4- 6 |  7- 9 || total
-------------------------+-------+-------+-------++-------
Melee: Dagger            |    50 |   133 |    76 ||   259
       Bite              |     7 |    39 |    22 ||    68
Throw: Dart              |     3 |     6 |    14 ||    23
  Use: Potion            |     1 |       |     2 ||     3
       Scroll            |       |       |     1 ||     1
 Stab: Sleeping          |    14 |     8 |     5 ||    27
Armor: Robe              |    14 |    32 |    34 ||    80
       Skin              |     1 |       |       ||     1
Dodge: Dodged            |    35 |    70 |    70 ||   175

Table legend: (Time is in decaauts)
 A = Elapsed time spent in this place.
 B = Non-inter-level travel time spent in this place.
 C = Inter-level travel time spent in this place.
 D = Time resting spent in this place.
 E = Time spent auto-exploring this place.
 F = Levels seen in this place.
 G = Mean time per level.
                   A        B        C        D        E       F      G
               +--------+--------+--------+--------+--------+-----+--------+
         Total |   3162 |   3079 |     83 |    219 |   2106 |   5 |  632.4 |
       Dungeon |   3162 |   3079 |     83 |    219 |   2106 |   5 |  632.4 |
               +--------+--------+--------+--------+--------+-----+--------+

Top non-repeatable levels by time:
     D:1: 820 daAuts
     D:4: 744 daAuts
     D:3: 699 daAuts
     D:2: 662 daAuts
     D:5: 235 daAuts
